 Dungeon Crawl Stone Soup version 0.27.1-1-g398f81649c (webtiles) character file.

Game seed: 7743688338317758324

303 H0rd4k the Magician (level 6, -4/38 HPs)
             Began as an Octopode Hedge Wizard on Sept 16, 2021.
             Slain by a scorpion (7 damage)
             ... on level 4 of the Dungeon.
             The game lasted 00:06:47 (5301 turns).

H0rd4k the Magician (Octopode Hedge Wizard)         Turns: 5301, Time: 00:06:48

Health: -4/38      AC:  1    Str: 15    XL:     6   Next: 38%
Magic:  2/13       EV: 13    Int: 19    God:
Gold:   116        SH:  0    Dex: 11    Spells: 5/14 levels left

rFire    + . .     SeeInvis .   a - +0 dagger
rCold    . . .     Faith    .   (no shield)
rNeg     . . .     Spirit   .   b - +0 hat
rPois    .         Reflect  .   (no amulet)
rElec    .         Harm     .   r - ring of protection from fire
rCorr    .         Rampage  .   o - +6 ring of strength
Will     .....                  (no ring)
Stlth    +++.......             (no ring)
HPRegen  0.12/turn              (no ring)
MPRegen  0.13/turn              (no ring)
                                (no ring)
                                (no ring)

@: no status effects
A: almost no armour, amphibious, 8 rings, camouflage 1, gelatinous body 1,
(nimble swimmer 1), tentacles
a: no special abilities


You were on level 4 of the Dungeon.
You visited 1 branch of the dungeon, and saw 5 of its levels.

You collected 116 gold pieces.

Inventory:

Hand Weapons
 a - a +0 dagger (weapon)
Armour
 b - a +0 hat (worn)
Jewellery
 o - a +6 ring of strength (right tentacle)
 r - a ring of protection from fire (left tentacle)
Wands
 n - a wand of iceblast (7)
Scrolls
 e - 3 scrolls of teleportation {unknown}
 g - a scroll of fear {unknown}
 i - 6 scrolls of identify {unknown}
 k - a scroll of amnesia {unknown}
 l - a scroll of silence {unknown}
 m - a scroll of torment {unknown}
Potions
 c - 4 potions of curing {unknown}
 d - a potion of might {unknown}
 f - 3 potions of brilliance {unknown}
 h - a potion of ambrosia {unknown}
 j - 2 potions of lignification {unknown}
 p - a potion of invisibility {unknown}
 q - a potion of attraction {unknown}


   Skills:
 + Level 1.1 Fighting
 + Level 2.6 Dodging
 + Level 3.6 Stealth
 + Level 4.8 Spellcasting
 + Level 2.5 Conjurations
 + Level 1.0 Summonings
 + Level 1.1 Translocations
 * Level 1.0 Fire Magic
 * Level 1.4 Air Magic
 * Level 0.8 Poison Magic


You had 5 spell levels left.
You knew the following spells:

 Your Spells              Type           Power      Damage    Failure   Level
a - Magic Dart            Conj           56%        1d5       4%          1
b - Blink                 Tloc           N/A        N/A       12%         2
c - Conjure Flame         Conj/Fire      11%        6-21      19%         3
d - Mephitic Cloud        Conj/Pois/Air  10%        N/A       21%         3

Your spell library contained the following spells:

 Spells                   Type           Power      Damage    Failure   Level
 Summon Small Mammal      Summ           32%        N/A       9%          1
 Corona                   Hex            4%         N/A       13%         1
 Call Imp                 Summ           8%         N/A       13%         2
 Ensorcelled Hibernation  Hex/Ice        8%         N/A       19%         2
 Slow                     Hex            4%         N/A       19%         2
 Dazzling Flash           Conj/Hex       18%        N/A       22%         3
 Call Canine Familiar     Summ           8%         N/A       26%         3
 Summon Guardian Golem    Hex/Summ       6%         N/A       30%         3
 Ozocubu's Armour         Ice            4%         N/A       36%         3
 Tukima's Dance           Hex            4%         N/A       36%         3
 Iskenderun's Mystic Bla  Conj/Tloc      11%        2d4       52%         4
 Fulminant Prism          Conj/Hex       4%         3d6       58%         4
 Iskenderun's Battlesphe  Conj           14%        2d7       77%         5
 Bolt of Magma            Conj/Fire/Erth 4%         4d5       91%         5
 Starburst                Conj/Fire      5%         6d4       100%        6


Dungeon Overview and Level Annotations

Branches:
Dungeon (5/15)
 Temple: D:4-7

Altars:
Cheibriados
Sif Muna
Trog

Annotations:
D:2 exclusion: downstairs
D:4 2 runed translucent doors, exclusions: 2 doors, downstairs and hound, Tiagovsky's ghost, novice DrIE
D:5 exclusions: centaur and 2 phantoms


Innate Abilities, Weirdness & Mutations

You cannot wear most types of armour.
You are amphibious.
You can wear up to eight rings at the same time.
Your skin changes colour to match your surroundings (Stealth+).
Your rubbery body absorbs attacks. (AC +1, EV +1)
((You are camouflaged near water. (Stealth+)))
You have tentacles for arms and can constrict up to eight enemies at once.


Message History

The scorpion is moderately wounded.
The magic dart hits the scorpion but does no damage.
The scorpion is moderately wounded.
The magic dart hits the scorpion but does no damage.
The scorpion is moderately wounded.
The scorpion stings you!
You are poisoned.
The scorpion poisons you! The scorpion misses you.
The magic dart hits the scorpion.
The scorpion is moderately wounded.
You feel very sick. The scorpion barely misses you.
You miscast Magic Dart.
You are very lightly contaminated with residual magic.
Nothing appears to happen.
You feel sick. The scorpion stings you!
You feel sick.
You feel sick.
There is a stone staircase leading up here.
You feel sick. The scorpion barely misses you.
You climb upwards.
Level annotation: 2 runed translucent doors, exclusions: 2 doors, downstairs and hound, Tiagovsky's ghost, novice DrIE You feel sick.
There is a stone staircase leading down here.
Casting: Magic Dart (safe; 4% risk of failure)
Confirm with . or Enter, or press ? or * to list all spells.
You blink.
You feel sick. The scorpion stings you.
Casting: Blink (safe; 12% risk of failure)
Confirm with . or Enter, or press ? or * to list all spells.
You blink.
You feel sick.
You are no longer poisoned.
Your magical contamination has completely faded away.
The scorpion stings you.
* * * LOW HITPOINT WARNING * * *
Casting: Blink (safe; 12% risk of failure)
Confirm with . or Enter, or press ? or * to list all spells.
You blink.
The scorpion stings you!
* * * LOW HITPOINT WARNING * * *
The scorpion stings you!
You die...

#############.########.#
..............# #.#
#####..########### #.# #
#............# #.#
######.#########.## #.#
..................# #.#
...........#####..# #.#
#####.####.# #s.# #.#
#.# #.#####@.# #.# #.#
#........# #.# #.#
#..#####.# #.# #.#
#...>.##.# #.# #.#
#......#.# #.# #.#
#........# #.# #.#
##.....### #.# #.#
#....## #.# #.# #.#..#
#.#


You could see a scorpion.

Vanquished Creatures
  A water moccasin skeleton (D:5)
  A centaur zombie (D:4)
  A hound (D:4)
  An iguana (D:4)
  Jessica (D:3)
  An orc wizard (D:4)
  4 adders
  An adder skeleton (D:4)
  3 worms
  4 dart slugs
  3 orcs
  3 ball pythons
  3 endoplasms
  2 giant cockroaches
  8 goblins
  5 hobgoblins
  4 jackals (D:2)
  3 kobolds
  2 quokkas
  5 bats
  2 frilled lizards
  2 rats
60 creatures vanquished.

Notes
Turn   | Place    | Note
-------+----------+-------------------------------------------
     0 | D:1      | H0rd4k the Octopode Hedge Wizard began the quest for the
                  | Orb.
     0 | D:1      | Reached XP level 1. HP: 11/11 MP: 4/4
   519 | D:1      | Reached XP level 2. HP: 17/17 MP: 0/6
   706 | D:1      | Found a faded altar of an unknown god.
  1188 | D:2      | Found a snail-covered altar of Cheibriados.
  1522 | D:2      | Reached XP level 3. HP: 21/21 MP: 0/8
  1654 | D:2      | Learned a level 2 spell: Blink
  1914 | D:2      | Reached skill level 1 in Fighting
  2519 | D:3      | Noticed a water moccasin
  2654 | D:3      | Reached XP level 4. HP: 28/28 MP: 0/9
  2748 | D:3      | Reached skill level 4 in Spellcasting
  3036 | D:5      | Entered Level 5 of the Dungeon
  3041 | D:5      | Learned a level 3 spell: Conjure Flame
  3103 | D:5      | Noticed a phantom
  3103 | D:5      | Noticed a phantom
  3202 | D:5      | Noticed a yak
  3202 | D:5      | Noticed a yak
  3202 | D:5      | Noticed a yak
  3202 | D:5      | Noticed a yak
  3202 | D:5      | Noticed a yak
  3221 | D:4      | Found a bloodstained altar of Trog.
  3221 | D:4      | Noticed an orc warrior
  3224 | D:4      | Found a shimmering blue altar of Sif Muna.
  3424 | D:4      | Got the Catalogue of Frigorific Arcane Weapons
  3437 | D:4      | Got Sif Muna's Tome of Frigorific Curses
  3455 | D:4      | Found a runed translucent door.
  3480 | D:3      | Noticed Jessica
  3489 | D:3      | Killed Jessica
  3490 | D:3      | Reached XP level 5. HP: 23/33 MP: 4/11
  3587 | D:4      | Learned a level 3 spell: Mephitic Cloud
  3686 | D:4      | Reached skill level 1 in Air Magic
  4286 | D:4      | Found a runed translucent door.
  4287 | D:4      | Noticed Tiagovsky's ghost (novice DrIE)
  4857 | D:4      | Reached XP level 6. HP: 38/38 MP: 1/13
  5259 | D:5      | Reached skill level 1 in Fire Magic
  5301 | D:4      | Slain by a scorpion

Illustrated notes

Levels and vault maps discovered:
D:1:      tarquinn_simple_flora_water_a, layout_basic,
          chequers_ecumenical_altar_lobes, minmay_liquid_box, serial_park_tiny_1
D:2:      layout_basic, basic_altar, hangedman_decor_opposing,
          minmay_pentomino_x2
D:3:      layout_rooms, serial_shops, nicolae_shop_waterfront, uniq_jessica
D:4:      layout_loops_ring, nzn_overflow_gifts_of_might_and_magic,
          ebering_ghost_sewer_f, kennysheep_generic_room_12
D:5:      layout_gridville

Skill      XL: |  1  2  3  4  5  6 |
---------------+-------------------+-----
Stealth        | 3 |  3.6
Fighting       | 1 |  1.1
Spellcasting   | 4 |  4.8
Conjurations   | 2 |  2.5
Air Magic      | 1 |  1.4
Fire Magic     | 1 |  1.0
Dodging        | |  2.6
Summonings     | |  1.0
Translocations | |  1.1
Poison Magic   | |  0.8

Action                   |  1- 3 |  4- 6 || total
-------------------------+-------+-------++-------
Melee: Dagger            |    21 |    15 ||    36
       Constrict         |     8 |     2 ||    10
       Tentacles         |     5 |     5 ||    10
 Cast: Magic Dart        |   100 |   109 ||   209
       Blink             |       |     5 ||     5
       Conjure Flame     |       |     2 ||     2
Evoke: Wand              |       |     1 ||     1
Armor: Skin              |     7 |       ||     7
Dodge: Dodged            |    27 |    36 ||    63
